 Dungeon Crawl Stone Soup version 0.27-a0-652-g2d5cf1dcd3 (webtiles) character file.

Game seed: 12331508318714408996

8 Ijustatesigmund the Skirmisher (level 2, 22/24 HPs)
             Began as a Demonspawn Fighter on Mar 16, 2021.
             Quit the game on level 1 of the Dungeon.
             The game lasted 00:02:12 (1026 turns).

Ijustatesigmund the Skirmisher (Demonspawn Fighter) Turns: 1026, Time: 00:02:13

Health: 22/24      AC:  7    Str: 16    XL:     2   Next: 0%
Magic:  2/2        EV:  7    Int:  9    God:
Gold:   53         SH:  8    Dex: 12    Spells: 1/1 levels left

rFire    . . .     SeeInvis +   a - +0 war axe
rCold    . . .     Faith    .   c - +0 kite shield
rNeg     . . .     Spirit   .   b - +0 scale mail
rPois    .         Reflect  .   (no helmet)
rElec    .         Harm     .   (no cloak)
rCorr    .         Rampage  .   j - +0 pair of gloves
Will     .....                  (no boots)
Stlth    ..........             (no amulet)
HPRegen  0.08/turn              g - ring of see invisible
MPRegen  0.08/turn              (no ring)

@: no status effects
A: talons 1
a: no special abilities


You were on level 1 of the Dungeon.
You visited 1 branch of the dungeon, and saw 1 of its levels.

You collected 53 gold pieces.

Inventory:

Hand Weapons
 a - a +0 war axe (weapon)
Armour
 b - a +0 scale mail (worn)
 c - a +0 kite shield (worn)
 j - a +0 pair of gloves (worn)
Jewellery
 g - a ring of see invisible (right hand)
Scrolls
 f - 3 scrolls of identify
Potions
 d - 2 potions of might
 e - 2 potions of heal wounds
 i - a potion of curing


   Skills:
 + Level 3.1 Fighting
 * Level 2.1 Axes
 - Level 2.6 Armour
 + Level 0.4 Dodging
 - Level 2.6 Shields


You had one spell level left.
You didn't know any spells.
Your spell library was empty.

Dungeon Overview and Level Annotations

Branches:
Dungeon (1/15)

Altars:


Innate Abilities, Weirdness & Mutations

You have sharp toenails.


Message History

No target in view!
No target in view!
No target in view!
No target in view!
No target in view!
No target in view!
No target in view!
No target in view!
No target in view!
No target in view!
No target in view!
No target in view!
You see here a bat corpse.
A bat comes into view.
A hobgoblin comes into view. It is wielding a +0 club.
The hobgoblin shouts!
The bat closely misses you.
You miss the bat. You block the bat's attack.
The bat hits you but does no damage.
You closely miss the bat. The bat hits you but does no damage.
The bat barely misses you.
You miss the bat. The bat hits you but does no damage. x2
Your shield prevents you from hitting the bat.
You closely miss the hobgoblin. The bat hits you but does no damage.
The hobgoblin completely misses you. You block the bat's attack.
The hobgoblin hits you but does no damage.
You completely miss the hobgoblin. The bat hits you.
The hobgoblin barely misses you. The hobgoblin hits you with a +0 club.
You miss the bat. You hit the hobgoblin but do no damage.
The bat hits you but does no damage. x2
The hobgoblin hits you but does no damage.
You hit the bat.
You kill the bat!
You closely miss the hobgoblin. The hobgoblin completely misses you.
You block the hobgoblin's attack.
You have reached level 2!
You feel monstrous as your demonic heritage exerts itself.
Your demonic ancestry asserts itself...
Your toenails lengthen and sharpen.
Are you sure you want to abandon this character and quit the game? (Confirm with "yes".)

#####...........#
#.# #.#
................#
#.# #.#
.###........###.#
#.####.# .#
#........# #†#
#..(...# .#
#........# #.#
######## # .#
#.#)##.#####.####
# .# #.#.##.#
#.....## # .#
#.#.##.# #......#
# .# #...##.#
#..@...# #
.########.#
#..g...#
..........#
#.....##
###########
#.....# *,*
#.....# *,*
##.#### *,* #.*
*,* #.* *,* *,*


You could see a hobgoblin.

Vanquished Creatures
  4 bats (D:1)
  A giant cockroach (D:1)
  2 kobolds (D:1)
7 creatures vanquished.

Notes
Turn   | Place    | Note
-------+----------+-------------------------------------------
     0 | D:1      | Ijustatesigmund the Demonspawn Fighter began the quest for
                  | the Orb.
     0 | D:1      | Reached XP level 1. HP: 18/18 MP: 1/1
  1026 | D:1      | Gained mutation: You have sharp toenails. [demonic
                  | ancestry]
  1026 | D:1      | Reached XP level 2. HP: 22/24 MP: 2/2
  1026 | D:1      | Quit the game

Illustrated notes

Levels and vault maps discovered:
D:1:      minmay_arrival_cross, layout_basic

Skill      XL: |  1 |
---------------+----+-----
Axes           | 2 |  2.1
Fighting       | |  3.1
Armour         | |  2.6
Dodging        | |  0.4
Shields        | |  2.6

Action                   || total
-------------------------++-------
Melee: War axe           ||    40
  Use: Scroll            ||     5
Armor: Scale mail        ||    25
Dodge: Dodged            ||    16
Block: Kite shield       ||    20

Table legend: (Time is in decaauts)
 A = Elapsed time spent in this place.
 B = Non-inter-level travel time spent in this place.
 C = Inter-level travel time spent in this place.
 D = Time resting spent in this place.
 E = Time spent auto-exploring this place.
 F = Levels seen in this place.
 G = Mean time per level.
                   A        B        C        D        E       F      G
               +--------+--------+--------+--------+--------+-----+--------+
         Total |   1051 |   1051 |      0 |    126 |    804 |   1 | 1051.0 |
       Dungeon |   1051 |   1051 |      0 |    126 |    804 |   1 | 1051.0 |
               +--------+--------+--------+--------+--------+-----+--------+

Top non-repeatable levels by time:
     D:1: 1051 daAuts
